 Dungeon Crawl Stone Soup version 0.30-a0-883-g5ad918d (webtiles) character file.

Game seed: 5511089434955552748

67 Illumine the Insei (level 3, -6/27 HPs)
             Began as a Demigod Transmuter on Mar 15, 2023.
             Mangled by Sigmund
             ... wielding a +0 scythe
              (11 damage)
             ... on level 3 of the Dungeon.
             The game lasted 00:02:46 (1734 turns).

Illumine the Insei (Demigod Transmuter)             Turns: 1734, Time: 00:02:47

Health: -6/27      AC:  2    Str: 11    XL:     3   Next: 72%
Magic:  5/8        EV: 12    Int: 19    God:
Gold:   101        SH:  0    Dex: 14    Spells: 3/6 levels left

rFire   . . .      SeeInvis .    g - +2 hand axe (flame)
rCold   . . .      Faith    .    (no shield)
rNeg    + . .      Spirit   .    a - +0 robe
rPois   .          Reflect  .    (helmet currently unavailable)
rElec   .          Rampage  .    (no cloak)
rCorr   .                        (no gloves)
Will    .....                    (boots currently unavailable)
Stlth   +                        o - amulet of regeneration
HPRegen 1.04/turn                d - ring of positive energy
MPRegen 0.11/turn                (no ring)

@: about to teleport, appendages, wereblooded
A: horns 2, talons 2, high MP 1, forlorn, divine attributes
a: End Transformation


You were on level 3 of the Dungeon.
You had temporarily grown beastly horns and talons.
You visited 1 branch of the dungeon, and saw 3 of its levels.

You collected 101 gold pieces.

Inventory:

Hand Weapons
 g - a +2 hand axe of flaming (weapon)
Missiles
 n - 9 poisoned darts
Armour
 a - a +0 robe (worn)
Jewellery
 d - a ring of positive energy (left hand)
 o - an amulet of regeneration (around neck)
Scrolls
 c - 2 scrolls of immolation
 h - a scroll of amnesia
 i - a scroll of teleportation
 k - a scroll of magic mapping {unknown}
 l - 2 scrolls of noise {unknown}
 m - a scroll of fear {unknown}
 p - a scroll of blinking {unknown}
Potions
 b - a potion of lignification
 e - 3 potions of curing
 f - a potion of brilliance {unknown}
 j - a potion of ambrosia {unknown}


   Skills:
 - Level 0.8 Fighting
 - Level 1.7 Dodging
 + Level 3.8 Unarmed Combat
 - Level 2.0 Spellcasting
 * Level 2.6 Transmutations


You had 3 spell levels left.
You knew the following spells:

 Your Spells              Type           Power      Damage    Failure   Level
a - Beastly Appendage     Tmut           22%        N/A       6%          1
b - Wereblood             Tmut           11%        N/A       9%          2

Your spell library contained the following spells:

 Spells                   Type           Power      Damage    Failure   Level
 Cigotuvi's Dreadful Rot  Necr/Pois/Air  2%         N/A       26%         2
 Spider Form              Tmut/Pois      6%         N/A       30%         3
 Ice Form                 Ice/Tmut       6%         N/A       69%         4
 Dispel Undead            Necr           1%         3d6       86%         4
 Death Channel            Necr           0%         N/A       100%        6


Dungeon Overview and Level Annotations

Branches:
Dungeon (3/15)

Annotations:
D:3 Sigmund


Innate Abilities, Weirdness & Mutations

You have temporarily grown beastly horns and talons.
You have an increased reservoir of magic. (+10% MP)
You shall have no god before yourself.
Your divine heritage dramatically boosts your attributes as you level up.


Message History

Magic restored.
Your transformation is almost over.
There is a stone staircase leading down here.
Your horns disappear.
Your talons disappear.
Found a stone staircase leading down.
There is a stone staircase leading down here.
Found a robe.
Sigmund and an endoplasm come into view.
Sigmund is wielding a +0 scythe and wearing a +2 robe of fire resistance.
Sigmund drinks a potion.
Sigmund seems to speed up.
The endoplasm moves out of view.
Unknown command.
An endoplasm comes into view.
The endoplasm quivers. x2
The endoplasm barely misses you.
You hit the endoplasm. You burn the endoplasm.
You kill the endoplasm!
Sigmund hits you from afar with a +0 scythe!
Casting: Beastly Appendage (safe; 6% risk of failure)
Confirm with . or Enter, or press ? or * to list all spells.
You grow a pair of large bovine horns.
Your feet morph into talons.
The endoplasm hits you.
Sigmund points at you and mumbles some strange words.
The puff of flame hits you!
* * * LOW HITPOINT WARNING * * *
Casting: Beastly Appendage (safe; 6% risk of failure)
Confirm with . or Enter, or press ? or * to list all spells.
Your blood is infused with primal strength.
Sigmund hits you from afar with a +0 scythe.
* * * LOW HITPOINT WARNING * * *
The endoplasm hits you but does no damage.
Unknown command.
Really quaff the potion of lignification?
Okay, then.
Really read the scroll of immolation?
Okay, then.
As you read the scroll of teleportation, it crumbles to dust.
You feel strangely unstable.
Sigmund hits you from afar with a +0 scythe!
You die...

...###########...#########...#
...........[.................#
.......#............########...#
.........####.......# ##.##
........@.....##...## #.#
..........###.###..# #.#
../.###..# #.###..##########.#
........##.#@##.............#
#.....)...###.@..##########.#
#<.$.....# ##J........####.###
#.........# ...........>.....#
#......... .#....####.####.#.#
#....##..##.##....# #.# #.#.#
#....##..##.##....# #.# #.. .
##....#..#...#.##.# #.# #...#
##....#....#.... .# #.# #...#
##........#... #.# #...#


You could see Sigmund (fast) and an endoplasm.

Vanquished Creatures
  2 adders (D:2)
  A worm (D:3)
  A dart slug (D:1)
  6 orcs
  2 ball pythons (D:1)
  2 bats
  3 endoplasms
  A giant cockroach (D:3)
  3 goblins
  4 hobgoblins
  4 jackals (D:2)
  A quokka (D:1)
  2 frilled lizards
  2 kobolds
  2 rats
36 creatures vanquished.

Notes
Turn   | Place    | Note
-------+----------+-------------------------------------------
     0 | D:1      | Illumine the Demigod Transmuter began the quest for the
                  | Orb.
     0 | D:1      | Reached XP level 1. HP: 15/15 MP: 5/5
   242 | D:1      | Reached skill level 3 in Unarmed Combat
   398 | D:1      | Reached XP level 2. HP: 20/22 MP: 5/7
   404 | D:1      | Learned a level 2 spell: Wereblood
  1090 | D:2      | Reached XP level 3. HP: 27/27 MP: 6/8
  1460 | D:3      | Noticed Sigmund
  1734 | D:3      | Mangled by Sigmund

Illustrated notes

Levels and vault maps discovered:
D:1:      dpeg_arrival_line_fractal, layout_basic, minmay_pentomino_p2
D:2:      layout_basic, basic_altar, minmay_misc_feat_cross
D:3:      minmay_inner_zag, layout_loops_ring, uniq_sigmund, uniq_natasha,
          uniq_jessica

Skill      XL: |  1  2 |
---------------+-------+-----
Unarmed Combat | 3 |  3.8
Transmutations | 2 |  2.6
Spellcasting   | 2 |  2.0
Fighting       | |  0.8
Dodging        | |  1.7

Action                     || total
---------------------------++-------
  Melee: Unarmed           ||    24
         Headbutt          ||    11
         Kick              ||    10
         Hand axe          ||    56
   Cast: Beastly Appendage ||    22
         Wereblood         ||     2
    Use: Scroll            ||     5
 Armour: Robe              ||    14
  Dodge: Dodged            ||    51

Table legend: (Time is in decaauts)
 A = Elapsed time spent in this place.
 B = Non-inter-level travel time spent in this place.
 C = Inter-level travel time spent in this place.
 D = Time resting spent in this place.
 E = Time spent auto-exploring this place.
 F = Levels seen in this place.
 G = Mean time per level.
                   A        B        C        D        E       F      G
               +--------+--------+--------+--------+--------+-----+--------+
         Total |   1748 |   1658 |     90 |    160 |   1166 |   3 |  582.7 |
       Dungeon |   1748 |   1658 |     90 |    160 |   1166 |   3 |  582.7 |
               +--------+--------+--------+--------+--------+-----+--------+

Top non-repeatable levels by time:
     D:2: 905 daAuts
     D:1: 639 daAuts
     D:3: 203 daAuts
